 Dungeon Crawl Stone Soup version 0.23-a0-208-gb6b040f (webtiles) character file.

129 Gildeon the Cudgeler (level 5, 0/32 HPs)
             Began as a Gargoyle Fighter on Sept 25, 2018.
             Slain by an orc (3 damage)
             ... on level 3 of the Dungeon.
             The game lasted 00:07:27 (2021 turns).

Gildeon the Cudgeler (Gargoyle Fighter)             Turns: 2021, Time: 00:07:28

Health: 0/32       AC: 14    Str: 25    XL:     5   Next: 12%
Magic:  5/5        EV:  5    Int:  8    God:
Gold:   95         SH:  9    Dex: 10    Spells: 4/4 levels left

rFire    . . .     SeeInvis .   a - +0 flail
rCold    . . .     Gourm    .   c - +0 shield
rNeg     + . .     Faith    .   s - +0 chain mail
rPois    ∞         Spirit   .   k - +0 helmet
rElec    +         Reflect  .   j - scarf {repulsion}
rCorr    .         Harm     .   (no gloves)
MR       .....                  (no boots)
Stlth    ..........             (no amulet)
HPRegen  0.10/turn              (no ring)
MPRegen  0.09/turn              (no ring)

@: mighty, very slightly contaminated, repel missiles
A: negative energy resistance 1, electricity resistance, unbreathing,
petrification resistance, rot immunity, AC +4
a: no special abilities


You were on level 3 of the Dungeon.
You were not hungry.

You visited 1 branch of the dungeon, and saw 3 of its levels.

You collected 95 gold pieces.

Inventory:

Hand Weapons
 a - a +0 flail (weapon)
Armour
 c - a +0 shield (worn)
 j - a scarf of repulsion (worn)
 k - a +0 helmet (worn)
 s - a +0 chain mail (worn)
Scrolls
 h - a scroll of teleportation
 n - 2 scrolls of remove curse
 o - 2 scrolls of identify
 p - 2 scrolls of blinking
Potions
 g - 2 potions of haste
 l - a potion of ambrosia
 m - a potion of agility
 q - a potion of cancellation
 r - 2 potions of magic
Comestibles
 f - 6 rations
 i - 6 chunks of flesh


   Skills:
 - Level 3.2 Fighting
 * Level 5.1 Maces & Flails
 - Level 3.2 Armour
 - Level 3.2 Shields


You had 4 spell levels left.
You didn't know any spells.
Your spell library was empty.

Dungeon Overview and Level Annotations

Branches:
Dungeon (3/15)

Altars:


Innate Abilities, Weirdness & Mutations

You are resistant to torment.
Your stone body is resilient. (AC +4)
You are immune to poison.
You resist negative energy. (rN+)
You are resistant to electric shocks. (rElec)
You can survive without breathing.
You are immune to petrification.
You are immune to rotting.


Message History

Your shield and chain mail prevent you from hitting something.
Something hits you but does no damage. The orc hits you but does no damage.
The orc barely misses you.
You closely miss something. Something hits you but does no damage.
The orc hits you but does no damage. x2
You miss something. Something hits you but does no damage.
The orc barely misses you. You block the orc's attack.
You hear some strange, mumbled words.
Something tries to affect you, but you resist.
The orc hits you but does no damage.
You barely miss something. The orc hits you but does no damage.
Something hits you but does no damage. The orc hits you but does no damage.
Your shield and chain mail prevent you from hitting something.
You block the orc's attack.
You hear some strange, mumbled words.
Something tries to affect you, but you resist.
You block the orc's attack.
You miss something. You block the orc's attack.
Something hits you but does no damage. The orc hits you.
You die...

#...## ##.## +# #.#
#.# #.# #.# #.#
#####.## #.#
.####......## #.#
...........)# #.#
#....{@).# #.#
#....)oo##########.#
#..................#
##.....#############
##...## #####


You could see 2 orcs.

Vanquished Creatures
  An orc priest (D:3)
  2 adders
  A shadow imp (D:2)
  2 worms (D:2)
  A dart slug (D:1)
  A leopard gecko (D:2)
  4 orcs (D:3)
  9 bats
  3 giant cockroaches
  5 goblins
  12 hobgoblins
  6 kobolds
  2 quokkas (D:2)
  4 frilled lizards
  5 rats
58 creatures vanquished.

Notes
Turn   | Place    | Note
-------+----------+-------------------------------------------
     0 | D:1      | Gildeon the Gargoyle Fighter began the quest for the Orb.
     0 | D:1      | Reached XP level 1. HP: 14/14 MP: 1/1
   171 | D:1      | Reached XP level 2. HP: 19/19 MP: 2/2
   250 | D:1      | Reached skill level 3 in Maces & Flails
   661 | D:1      | Reached XP level 3. HP: 23/23 MP: 3/3
  1091 | D:2      | Reached skill level 4 in Maces & Flails
  1202 | D:2      | Reached XP level 4. HP: 28/28 MP: 4/4
  2008 | D:3      | Reached skill level 5 in Maces & Flails
  2008 | D:3      | Reached XP level 5. HP: 10/32 MP: 5/5
  2021 | D:3      | Slain by an orc

Vault maps used:
D:1:      mainiacjoe_arrival_reflecting_pool
D:2:      cheibrodos_old_hovel
D:3:      first_ration

Skill      XL: |  1  2  3  4 |
---------------+-------------+-----
Maces & Flails | 3 4 5 |  5.1
Fighting       | |  3.2
Armour         | |  3.2
Shields        | |  3.2

Action                   |  1- 3 |  4- 6 || total
-------------------------+-------+-------++-------
Melee: Flail             |   111 |   128 ||   239
  Use: Scroll            |     6 |     6 ||    12
       Potion            |       |     2 ||     2
  Eat: Chunk             |     1 |     3 ||     4
Armor: Scale mail        |    82 |    32 ||   114
       Chain mail        |       |    54 ||    54
Dodge: Dodged            |    31 |    33 ||    64
       Deflected         |     3 |       ||     3
Block: Shield            |    59 |    88 ||   147

Table legend:
 A = Non-vault XP
 B = Vault XP
 C = Vault XP percentage of total XP
 D = Non-vault monster count
 E = Vault monster count
 F = Vault count percentage of total count
                 A         B        C        D         E       F
            +---------+---------+-------+---------+---------+-------
      Total |     183 |       2 |   1.1 |      57 |       1 |   1.7
            +---------+---------+-------+---------+---------+-------
        D:1 |      42 |       0 |   0.0 |      24 |       0 |   0.0
        D:2 |      57 |       2 |   3.4 |      17 |       1 |   5.6
        D:3 |      84 |       0 |   0.0 |      16 |       0 |   0.0
            +---------+---------+-------+---------+---------+-------
